 Dungeon Crawl Stone Soup version 0.22.1-6-g1668fe2 (webtiles) character file.

132 KromesxD the Chopper (level 4, -3/40 HPs)
             Began as a Minotaur Berserker on Jan 25, 2019.
             Was a Believer of Trog.
             Killed from afar by an orc wizard (10 damage)
             ... with a magic dart
             ... on level 3 of the Dungeon.
             The game lasted 00:05:07 (1875 turns).

KromesxD the Chopper (Minotaur Berserker)           Turns: 1875, Time: 00:05:07

Health: -3/40      AC:  3    Str: 22    XL:     4   Next: 92%
Magic:  3/3        EV: 11    Int:  5    God:    Trog [**....]
Gold:   38         SH:  0    Dex: 12    Spells: 3/3 levels left

rFire    . . .     SeeInvis .   a - +0 hand axe
rCold    . . .     Gourm    .   (no shield)
rNeg     . . .     Faith    .   f - -2 ring mail (curse)
rPois    .         Spirit   .   (helmet restricted)
rElec    .         Reflect  .   (no cloak)
rCorr    .         Harm     .   (no gloves)
MR       ++...                  (no boots)
Stlth    +.........             (no amulet)
HPRegen  1.13/turn              h - +3 ring of dexterity
MPRegen  0.08/turn              (no ring)

@: lethally poisoned (-3 -> -3), berserk cooldown, regenerating, slowed, very
slow
A: retaliatory headbutt, horns 2
a: Berserk, Trog's Hand, Renounce Religion


You were on level 3 of the Dungeon.
You worshipped Trog.
Trog was pleased with you.
You were hungry.

You visited 1 branch of the dungeon, and saw 3 of its levels.

You collected 38 gold pieces.

Inventory:

Hand Weapons
 a - a +0 hand axe (weapon)
 j - a +1 dagger of venom
Armour
 b - a +0 animal skin
 d - a +0 leather armour of cold resistance
 e - a +0 ring mail
 f - a cursed -2 ring mail (worn)
 m - a +0 chain mail
Jewellery
 h - a +3 ring of dexterity (left hand)
Comestibles
 c - 4 rations
 l - a chunk of flesh


   Skills:
 - Level 3.7 Fighting
 + Level 6.7 Axes
 - Level 2.4 Armour
 - Level 2.2 Dodging


You had 3 spell levels left.
You didn't know any spells.
Your spell library was empty.

Dungeon Overview and Level Annotations

Branches:
Dungeon (3/15)

Altars:


Innate Abilities, Weirdness & Mutations

You reflexively headbutt those who attack you in melee.
You have a pair of horns on your head.


Message History

You feel resistant to hostile enchantments.
You are feeling hungry.
You feel sick.
A magic dart appears from out of thin air!
The magic dart hits you!
* * * LOW HITPOINT WARNING * * *
A puff of flame appears from out of thin air!
The puff of flame hits you!
* * * LOW HITPOINT WARNING * * *
A magic dart appears from out of thin air!
The magic dart hits you!
* * * LOW HITPOINT WARNING * * *
You feel sick.
You feel sick.
A puff of flame appears from out of thin air!
The puff of flame hits you!
* * * LOW HITPOINT WARNING * * *
A magic dart appears from out of thin air!
The magic dart hits you!
You die...

#.....#.##
#.....#(#.
####...†...<.
#.......).<#.
#.###...#....
#.÷..).... #
#...####..
#.#########...# #.#
#..@........†.# #.#
############..####..
#####.....####
#.......#.#
#..{......#
#......>###
###..).......
#.....######.#
#)##### #


There were no monsters in sight!

Vanquished Creatures
  An orc wizard (D:3)
  5 adders (D:2)
  2 dart slugs (D:2)
  3 leopard geckos
  3 orcs (D:3)
  A giant cockroach (D:3)
  10 goblins
  A hobgoblin (D:2)
  4 jackals (D:1)
  A quokka (D:3)
  6 bats
  2 frilled lizards
  8 kobolds
  5 rats
52 creatures vanquished.

Notes
Turn   | Place    | Note
-------+----------+-------------------------------------------
     0 | D:1      | KromesxD the Minotaur Berserker began the quest for the
                  | Orb.
     0 | D:1      | Reached XP level 1. HP: 19/19 MP: 0/0
    64 | D:1      | Reached skill level 4 in Axes
    74 | D:1      | Reached XP level 2. HP: 21/27 MP: 1/1
   473 | D:1      | Reached ** piety under Trog
   721 | D:2      | Reached skill level 5 in Axes
   721 | D:2      | Reached XP level 3. HP: 26/33 MP: 2/2
  1444 | D:2      | Reached XP level 4. HP: 38/40 MP: 3/3
  1455 | D:2      | Reached skill level 6 in Axes
  1875 | D:3      | Killed from afar by an orc wizard

Skill      XL: |  1  2  3  4 |
---------------+-------------+-----
Axes           | 4 5 6 |  6.7
Fighting       | |  3.7
Armour         | |  2.4
Dodging        | |  2.2

Action                   |  1- 3 |  4- 6 || total
-------------------------+-------+-------++-------
Melee: Hand axe          |    72 |    44 ||   116
       Headbutt          |     3 |     3 ||     6
Invok: Berserk           |     1 |       ||     1
       Trog's Hand       |       |     2 ||     2
  Use: Scroll            |     2 |     3 ||     5
       Potion            |       |     1 ||     1
  Eat: Chunk             |     1 |     3 ||     4
Armor: Animal skin       |     7 |       ||     7
       Leather armour    |     9 |       ||     9
       Ring mail         |     7 |     6 ||    13
Dodge: Dodged            |    43 |    21 ||    64
